 Dungeon Crawl Stone Soup version 0.23-a0-642-g3120c2f (webtiles) character file.

490 MisterFreud the Slasher (level 7, -5/45 HPs)
             Began as an Octopode Gladiator on Dec 30, 2018.
             Killed from afar by an orc wizard (10 damage)
             ... with a puff of flame
             ... on level 4 of the Dungeon.
             The game lasted 00:05:05 (3276 turns).

MisterFreud the Slasher (Octopode Gladiator)        Turns: 3276, Time: 00:05:06

Health: -5/45      AC:  1    Str: 13    XL:     7   Next: 14%
Magic:  7/7        EV: 14    Int: 13    God:
Gold:   138        SH:  0    Dex: 13    Spells: 6/6 levels left

rFire    . . .     SeeInvis .   a - +0 long sword
rCold    + . .     Gourm    .   (no shield)
rNeg     . . .     Faith    .   b - +0 hat
rPois    .         Spirit   .   A - amulet of magic regeneration
rElec    .         Reflect  .   (no ring)
rCorr    .         Harm     .   q - ring of protection from magic
MR       +....                  u - ring of protection from cold
Stlth    ++........             (no ring)
HPRegen  0.15/turn              (no ring)
MPRegen  0.35/turn              (no ring)
                                (no ring)
                                (no ring)

@: hasted, very quick
A: almost no armour, stealthy swim, amphibious, 8 rings, constrict 8, camouflage
1, gelatinous body 1
a: no special abilities


You were on level 4 of the Dungeon.
You were not hungry.

You visited 1 branch of the dungeon, and saw 4 of its levels.

You collected 138 gold pieces.

Inventory:

Hand Weapons
 a - a +0 long sword (weapon)
Missiles
 c - 3 throwing nets (quivered)
 g - 6 tomahawks
 h - 16 sling bullets
 n - 104 stones
 B - 21 arrows
Armour
 b - a +0 hat (worn)
Jewellery
 q - a ring of protection from magic (right tentacle)
 u - a ring of protection from cold (on tentacle)
 A - an amulet of magic regeneration (around mantle)
Wands
 C - a wand of iceblast (12)
Scrolls
 e - a scroll of enchant weapon {unknown}
 f - a scroll of remove curse
 o - a scroll of enchant armour {unknown}
 p - 6 scrolls of teleportation {unknown}
 t - a scroll of noise {unknown}
 v - a scroll of amnesia {unknown}
 w - 4 scrolls of identify {unknown}
 y - a scroll of blinking {unknown}
Potions
 i - 2 potions of degeneration {unknown}
 j - 2 potions of mutation {unknown}
 k - 2 potions of haste
 m - a potion of might {unknown}
 r - a potion of brilliance {unknown}
 s - a potion of curing
 x - 2 potions of berserk rage {unknown}
 z - a potion of cancellation {unknown}
Comestibles
 d - 7 rations
 l - 2 chunks of flesh


   Skills:
 - Level 2.0 Fighting
 + Level 7.9 Long Blades
 - Level 2.0 Throwing
 - Level 3.0 Dodging


You had 6 spell levels left.
You didn't know any spells.
Your spell library was empty.

Dungeon Overview and Level Annotations

Branches:
Dungeon (4/15)
 Temple: D:4-7

Altars:
Dithmenos
Gozag
Okawaru

Annotations:
D:2 1 runed door


Innate Abilities, Weirdness & Mutations

You cannot wear most types of armour.
You are very stealthy in the water. (Stealth+)
You are amphibious.
You can wear up to eight rings at the same time.
You can use your tentacles to constrict eight enemies at once.
Your skin changes colour to match your surroundings (Stealth+).
Your rubbery body absorbs attacks. (AC +1, EV +1)


Message History

You constrict the killer bee zombie. The killer bee zombie hits you.
* * * LOW HITPOINT WARNING * * *
The orc hits you from afar with a +0 trident.
* * * LOW HITPOINT WARNING * * *
You hit the killer bee zombie.
The killer bee zombie is almost destroyed.
You constrict the killer bee zombie.
The killer bee zombie barely misses you.
You riposte.
You hit the killer bee zombie but do no damage.
The killer bee zombie is almost destroyed.
You hit the jackal but do no damage. Your grab misses the jackal.
You constrict the killer bee zombie.
You destroy the killer bee zombie!
The orc hits you from afar with a +0 trident.
* * * LOW HITPOINT WARNING * * *
You hear some strange, mumbled words.
A puff of flame appears from out of thin air!
The puff of flame hits you!
You die...

#..........# #....#
#..........###....
#..........##...#####
##...................#
#..÷...............#
#§..####....)....#...
§§.§§#######...### .
§§§§.§##.###...#####....
§§§§§..#.....oo.@.......
.§..§.§.......{##h......
.._...§........# .......
§§§...§§§.....#..h......
...[§.§#§.....#.........
....§§##......#.....!...
§..§§###.................
#..§## #.................
#....# #.................


You could see 2 orcs and 2 jackals.

Vanquished Creatures
  Sigmund (D:4)
  A howler monkey (D:3)
  An orc priest (D:3)
  2 orc wizards (D:4)
  An iguana (D:4)
  A killer bee zombie (D:4)
  A hound zombie (D:3)
  3 adders
  An ooze (D:3)
  An adder skeleton (D:4)
  4 worms
  3 dart slugs
  2 leopard geckos (D:2)
  13 orcs
  3 bats
  6 giant cockroaches
  6 goblins
  10 hobgoblins
  8 jackals
  A quokka (D:3)
  3 ball pythons
  6 frilled lizards
  3 kobolds
  4 rats
85 creatures vanquished.

Notes
Turn   | Place    | Note
-------+----------+-------------------------------------------
     0 | D:1      | MisterFreud the Octopode Gladiator began the quest for the
                  | Orb.
     0 | D:1      | Reached XP level 1. HP: 14/14 MP: 1/1
   124 | D:1      | Found an iron altar of Okawaru.
   281 | D:1      | Reached XP level 2. HP: 19/19 MP: 2/2
   652 | D:2      | Reached skill level 4 in Long Blades
   666 | D:2      | Reached XP level 3. HP: 21/24 MP: 3/3
  1209 | D:2      | Found a runed door.
  1249 | D:2      | Reached XP level 4. HP: 25/29 MP: 4/4
  1621 | D:3      | Reached skill level 5 in Long Blades
  1815 | D:3      | Reached XP level 5. HP: 7/34 MP: 5/5
  2227 | D:3      | Reached skill level 6 in Long Blades
  2332 | D:3      | Found an opulent altar of Gozag.
  2660 | D:4      | Noticed Sigmund
  2673 | D:4      | Killed Sigmund
  2673 | D:4      | Reached skill level 7 in Long Blades
  2673 | D:4      | Reached XP level 6. HP: 11/39 MP: 6/6
  3013 | D:4      | Reached XP level 7. HP: 31/45 MP: 7/7
  3041 | D:4      | Found a shadowy altar of Dithmenos.
  3058 | D:4      | HP: 2/45 [iguana (11)]
  3276 | D:4      | Killed from afar by an orc wizard

Vault maps used:
D:1:      nicolae_arrival_somewhat_less_tricky_arrival,
          okawaru_ov_weapons_minmay
D:2:      uniq_crazy_yiuf_cottage
D:3:      lemuel_doored_altar, grunt_decor_mini_mirrors
D:4:      trog_eyes_of_draining, nicolae_dithmenos_the_darkroom, first_ration,
          uniq_sigmund

Skill      XL: |  1  2  3  4  5 |
---------------+----------------+-----
Long Blades    | 4 5 7 |  7.9
Fighting       | |  2.0
Throwing       | |  2.0
Dodging        | |  3.0

Action                   |  1- 3 |  4- 6 |  7- 9 || total
-------------------------+-------+-------+-------++-------
Melee: Long sword        |    68 |    86 |    17 ||   171
       Constrict         |    27 |    27 |     4 ||    58
       Tentacles         |    19 |    22 |     5 ||    46
  Use: Scroll            |       |     1 |       ||     1
       Potion            |       |       |     2 ||     2
 Stab: Sleeping          |     3 |     2 |       ||     5
  Eat: Chunk             |     1 |     6 |     1 ||     8
Armor: Skin              |     4 |     4 |       ||     8
Dodge: Dodged            |    43 |    70 |    20 ||   133
       Rpst.: Long sword |    15 |    18 |     6 ||    39

Table legend:
 A = Non-vault XP
 B = Vault XP
 C = Vault XP percentage of total XP
 D = Non-vault monster count
 E = Vault monster count
 F = Vault count percentage of total count
                 A         B        C        D         E       F
            +---------+---------+-------+---------+---------+-------
      Total |     470 |     231 |  33.0 |      84 |       1 |   1.2
            +---------+---------+-------+---------+---------+-------
        D:1 |      16 |       0 |   0.0 |      10 |       0 |   0.0
        D:2 |      75 |       0 |   0.0 |      30 |       0 |   0.0
        D:3 |     201 |       0 |   0.0 |      28 |       0 |   0.0
        D:4 |     178 |     231 |  56.5 |      16 |       1 |   5.9
            +---------+---------+-------+---------+---------+-------
